[Event "Early-Titled-Tuesday-Blitz-December-26-2023"]
[Site "Chess.com"]
[Date "2023.12.26"]
[Round "1"]
[White "sokidze"]
[Black "Pakarma"]
[Result "1-0"]
[WhiteElo "2786"]
[BlackElo "2461"]
[TimeControl "180+1"]
[EndTime "8:08:56 PST"]
[Termination "sokidze won by checkmate"]

1. d4 Nf6 2. c4 d6 3. Nf3 g6 4. g3 Bg7 5. Bg2 O-O 6. O-O Nbd7 7. Nc3 a6 8. e4 e5 9. Re1 exd4 10. Nxd4 Ng4 11.
h3 Qf6 12. hxg4 Qxd4 13. Qxd4 Bxd4 14. Nd5 Ne5 15. Rd1 Ba7 16. Bh6 Bxg4 17. Nf6+ Kh8 18.
Rd5 Be6 19. Rdd1 Nxc4 20. Bxf8 Rxf8 21. b3 Ne5 22. Rac1 Bb6 23. Kf1 Kg7 24. Nd5 Bxd5 25. Rxd5 Ng4 26. Rc2 Re8 27. Re2 Bc5 28. Rd1 a5 29. Bh3 Nf6 30. f3 g5 31. Bf5 h5 32.
Kg2 b5 33. f4 gxf4 34. gxf4 Kh6 35. Kf3 a4 36. e5 dxe5 37. Rxe5 Rg8 38. Rxc5 axb3 39.
axb3 h4 40. Rc6 Rg3+ 41. Kf2 Kg7 42. Rg1 Rxg1 43. Kxg1 Ne8 44. Bd7 Nd6 45. Rxc7 b4 46. Rc5 Ne4 47. Rb5 Nc3 48. Rxb4 Ne2+ 49. Kf2 Nc3 50. Rc4 Nd5 51. Bc6 Nb6 52. Rb4 Nc8 53.
f5 Nd6 54. Rxh4 Kf6 55. Ke2 Ke5 56. b4 Nxf5 57. Rh5 Ke6 58. Kd2 Nd4 59. Bd5+ Kd6 60. Bxf7 Nf3+ 61. Kc3 Kc7 62. Rc5+ Kb6 63. Bc4 Nh4 64.
Kd4 Ng6 65. b5 Nf4 66. Rc6+ Kb7 67. Kc5 Kb8 68. b6 Ng2 69. Rf6 Ne3 70. Bd5 Kc8 71.
Bc6 Kd8 72. b7 Ke7 73. b8=Q Nc2 74. Qd6# 1-0

[Event "Early-Titled-Tuesday-Blitz-December-26-2023"]
[Site "Chess.com"]
[Date "2023.12.26"]
[Round "1"]
[White "GeorgMeier"]
[Black "subham777"]
[Result "1-0"]
[WhiteElo "3032"]
[BlackElo "2547"]
[TimeControl "180+1"]
[EndTime "8:08:57 PST"]
[Termination "GeorgMeier won by resignation"]

1. Nf3 d5 2. e3 Nf6 3. c4 e6 4. b3 Be7 5. Bb2 O-O 6. Nc3 c5 7. cxd5 Nxd5 8. Qc2 Nc6 9. a3 h6 10. Be2 b6 11. O-O Bb7 12. Rfd1 Rc8 13. Nxd5 exd5 14.
Qf5 d4 15. Bd3 g6 16. Qf4 Bg5 17. Nxg5 Qxg5 18. Qxg5 hxg5 19. Rac1 Rfd8 20. h3 Rd6 21. Be2 Rcd8 22. e4 d3 23. Bg4 Nd4 24. Bxd4 Rxd4 25. e5 Bd5 26. Rc3 Be6 27. Bxe6 fxe6 28. Re1 Kg7 29. Re3 Kh6 30. Kf1 R8d5 31. f3 Rd7 32. Ke1 Kh5 33. g3 Kh6 34. Kd1 Kg7 35. Kc1 Kf7 36. Kb2 R7d5 37. Rc4 Ke7 38. Rxd4 cxd4 39.
Rxd3 Rxe5 40. Rxd4 Re2 41. Kc2 Rh2 42. h4 Rh3 43.
Rg4 gxh4 44. gxh4 Kf7 45. Rf4+ Ke7 46. b4 e5 47. Re4 Kd6 48. f4 exf4 49. Rxf4 Ke5 50.
Rg4 Kf5 51. Rg5+ Kf6 52. Rg4 Kf5 53. Rd4 Rh2 54. a4 Ke5 55. Rg4 Kf5 56. Rc4 Ke5 57. b5 Kd5 58. Rg4 Kc5 59. Kc3 Rh3+ 60. d3 Kd6 61.
Rxg6+ Kc7 62. Rg4 Kd6 63. Re4 Rh1 64. Rd4+ Kc7 65. Kd2 Rh2+ 66. Ke3 Rh3+ 67. Kf2 Rh2+ 68. Kg3 Rh1 69. Kg2 Re1 70. h5 Re5 71. Rh4 Re7 72. h6 Rh7 73. Kf3 Kd6 74. Ke4 Ke6 75.
Rh1 Kf6 76. Kd5 Kg6 77. Kc6 Kg5 78. d4 Kf5 79. d5 Ke5 80. d6 Ke6 81. d7 Rxd7 82.
Re1+ 1-0

[Event "Early-Titled-Tuesday-Blitz-December-26-2023"]
[Site "Chess.com"]
[Date "2023.12.26"]
[Round "1"]
[White "GAO"]
[Black "GasconJR"]
[Result "0-1"]
[WhiteElo "2319"]
[BlackElo "2649"]
[TimeControl "180+1"]
[EndTime "8:08:58 PST"]
[Termination "GasconJR won by resignation"]

1. e4 c5 2. Nf3 d6 3. d4 cxd4 4. Qxd4 Nc6 5. Qe3 Nf6 6. h3 e5 7.
Bc4 Be7 8. O-O O-O 9. Nc3 Be6 10. Bb3 Na5 11. Rd1 Qc7 12. Nd5 Bxd5 13. exd5 b5 14. c3 Nc4 15. Bxc4 Qxc4 16. b3 Qe4 17. Ba3 Qxe3 18.
fxe3 Rfe8 19. Rac1 a5 20. c4 b4 21. Bb2 Nd7 22.
Kf2 Bd8 23. Nd2 Nc5 24. Kf3 f5 25. g4 fxg4+ 26. hxg4 a4 27. Ke2 axb3 28. axb3 Ra2 29. Rc2 Bg5 30. Nf1 e4 31. Rdd2 Nxb3 32. Bd4 Rxc2 33. Rxc2 Nxd4+ 34. exd4 b3 35. Rb2 Rc8 36. Ne3 Bxe3 37. Kxe3 Rxc4 38. Rxb3 Rc1 39. Kxe4 Rg1 40. Kf5 h6 41. Rb8+ Kh7 42. Rd8 Rf1+ 43. Ke6 Rg1 44. Kf5 g6+ 45. Kf4 Rf1+ 46. Kg3 Rf6 47. g5 hxg5 48.
Kg4 Rf4+ 49. Kxg5 Rf5+ 50. Kg4 Rxd5 51. Kf3 Rxd4 52. Ke3 Rd1 53. Ke2 Rd5 54. Ke3 Kh6 55. Ke4 Rd1 56. Ke3 Kg5 57. Ke2 Rd5 58. Ke3 Re5+ 59.
Kf3 Re6 60. Ra8 Rf6+ 61. Kg3 d5 62. Ra5 Rd6 63. Rb5 Kf5 64. Kf3 g5 65. Ke3 Kg4 66.
Kd4 Rd8 67. Rb1 Kh4 68. Rh1+ Kg3 69. Rg1+ Kf4 70. Rf1+ Kg4 71. Rg1+ Kf5 72. Rf1+ Kg6 73. Rf2 g4 74. Rg2 Kg5 75. Rg1 Kf4 76. Rf1+ Kg3 77. Rf7 Kg2 78. Rf6 g3 79. Rf7 Kh2 80. Rh7+ Kg1 81.
Rg7 g2 82. Rg6 Rf8 83. Kxd5 Kf2 0-1

[Event "Early-Titled-Tuesday-Blitz-December-26-2023"]
[Site "Chess.com"]
[Date "2023.12.26"]
[Round "1"]
[White "Yushko_Olga"]
[Black "Mikayel99"]
[Result "0-1"]
[WhiteElo "2164"]
[BlackElo "2587"]
[TimeControl "180+1"]
[EndTime "8:09:11 PST"]
[Termination "Mikayel99 won by checkmate"]

1. d4 Nf6 2. c4 e6 3. Nc3 d5 4. cxd5 exd5 5. Nf3 c6 6. Bg5 h6 7. Bh4 Qb6 8. Qc2 g5 9. Bg3 Na6 10. e3 Nb4 11. Qb3 Bf5 12. Rc1 Nc2+ 13. Kd2 Bb4 14. Rxc2 Ne4+ 15. Kd1 Nxg3 16. hxg3 Bxc2+ 17. Kxc2 O-O-O 18. Bd3 Kb8 19. Na4 Qa5 20. a3 Bd6 21. Nc3 f6 22. Bf5 Rde8 23. Ne1 Re7 24. Nd3 Qc7 25. Na4 b6 26. Nac5 Ka8 27. Ne6 Qc8 28. Ng7 Qa6 29. Nh5 Rf8 30. Rc1 Qb7 31. Kd2 Rc7 32. Nb4 Bxb4+ 33.
Qxb4 Rd8 34. a4 c5 35. dxc5 bxc5 36. Qxb7+ Kxb7 37. Be6 Re7 38. Bg4 Rc7 39. Nxf6 Rf7 40. Nh5 Rxf2+ 41. Kc3 d4+ 42. exd4 cxd4+ 43. Kb3 d3 44.
Bf3+ Kb8 45. Rd1 d2 46. Nf6 Kc7 47. Ne4 Rd3+ 48. Kc2 Rdxf3 49. gxf3 Rxf3 50. Rxd2 Re3 51. Nf6 Rxg3 52. Rh2 Rf3 53. Rxh6 Kb7 54. Rg6 Rf5 55. Ne4 Re5 56. Nxg5 Re2+ 57. Kc3 Rg2 58. Rg7+ Ka6 59. Ne6 Re2 60. Nd4 Re3+ 61. Kc4 Re1 62. Kb4 Re4 63. Rg6+ Kb7 64. Kc5 Re5+ 65. Kc4 Re1 66. Rg7+ Kb6 67. Rg6+ Kb7 68. Kb5 Re5+ 69. Kb4 Re4 70. Rd6 Kc7 71.
Rd5 Rh4 72. b3 Kb7 73. Rd7+ Kc8 74. Rd5 Kb7 75. Rb5+ Kc7 76. Kc4 Rh1 77. Rc5+ Kb7 78. Kb5 Rh4 79. Ne6 Rh6 80. Nd8+ Kb8 81. Ka5 Rh8 82.
Nc6+ Kb7 83. Ne5 Rh6 84. Nc4 Ra6+ 85. Kb4 Rh6 86. Rb5+ Kc7 87. Rc5+ Kb7 88. Na5+ Kb8 89. Nc6+ Kb7 90. a5 Rh4+ 91. Kb5 a6# 0-1

[Event "Early-Titled-Tuesday-Blitz-December-26-2023"]
[Site "Chess.com"]
[Date "2023.12.26"]
[Round "1"]
[White "RodokininEV"]
[Black "margarita_2703"]
[Result "1/2-1/2"]
[WhiteElo "2631"]
[BlackElo "2316"]
[TimeControl "180+1"]
[EndTime "8:09:35 PST"]
[Termination "Game drawn by repetition"]

1. Nf3 d5 2. g3 e6 3. Bg2 Be7 4. O-O Nf6 5. d3 O-O 6. Nbd2 b5 7. e4 Bb7 8. e5 Nfd7 9. Re1 c5 10. Nf1 Nc6 11.
h4 Nb6 12. Bf4 d4 13. N1h2 Nd5 14. Bg5 Qd7 15. Ng4 Nb8 16. Qd2 f6 17. exf6 Bxf6 18. Nfe5 Qe7 19. Re2 Nc6 20. Nxc6 Bxc6 21. Rae1 Bxg5 22.
hxg5 Rae8 23. Re5 Nb4 24. a3 Bxg2 25. Kxg2 Nc6 26. R5e4 Qd6 27. f4 Qd5 28. Kg1 Rf5 29. Qe2 Kf7 30. a4 a6 31. axb5 axb5 32. Ra1 e5 33. Ra6 Re7 34. Rxc6 Qxc6 35. Nxe5+ Rfxe5 36. Rxe5 Rxe5 37. Qxe5 Qf3 38. f5 Qd1+ 39. Kg2 Qxc2+ 40. Kh3 Qxd3 41. Qe6+ Kf8 42. f6 gxf6 43. gxf6 Qg6 44. Qe7+ Kg8 45. g4 h5 46. g5 d3 47. Qd8+ Kh7 48. Qe7+ Kg8 49. Qd8+ Kh7 50. Kh4 c4 51. Qe7+ Kg8 52. Qd8+ Kh7 53. Qe7+ Kg8 54. Qd7 b4 55. Qc8+ Kh7 56. Qxc4 d2 57. Qc7+ Kg8 58. Qd8+ Kh7 59. Qxd2 Qe4+ 60. Kxh5 Qf3+ 61. Kh4 Qh1+ 62. Kg4 Qg1+ 63.
Kf5 Qc5+ 64. Kf4 Qc4+ 65. Kf3 Kg6 66. Qe3 Qb5 67. Qe4+ Kxg5 68. Qf4+ Kg6 69. f7 Qd5+ 70. Ke3 Qc5+ 71. Kd2 Qd5+ 72. Kc2 Qc5+ 73. Kb3 Qd5+ 74. Kxb4 Qb7+ 75. Kc3 Qc6+ 76. Kb3 Qb5+ 77. Kc2 Qc5+ 78. Kb1 Qg1+ 79. Qc1 Qc5 80. Qc2+ Qxc2+ 81. Kxc2 Kxf7 82. Kb3 Ke7 83. Kb4 Kd7 84. Kb5 Kc7 85. b4 Kb7 86.
Kc5 Kc7 87. Kb5 Kb7 88. Ka5 Ka7 89. Ka4 Kb6 90. Kb3 Kb5 91. Kc3 Kb6 92. Kc4 Kc6 93.
Kd4 Kb5 94. Kc3 Kb6 95. Kc4 Kc6 96. b5+ Kb6 97. Kb4 Kb7 98. Kc5 Kc7 99. Kd5 Kb6 100. Kc4 Kc7 101. Kc5 Kb7 102. b6 Kb8 103. Kb5 Kb7 104.
Ka5 Kb8 105. Ka6 Ka8 106. Kb5 Kb7 107. Kc5 Kb8 108. Kb5 Kb7 1/2-1/2

[Event "Early-Titled-Tuesday-Blitz-December-26-2023"]
[Site "Chess.com"]
[Date "2023.12.26"]
[Round "2"]
[White "Petrakejzar96"]
[Black "Kostya0705"]
[Result "0-1"]
[WhiteElo "2323"]
[BlackElo "2583"]
[TimeControl "180+1"]
[EndTime "8:12:12 PST"]
[Termination "Kostya0705 won by resignation"]

1. e4 c5 2. Nf3 e6 3. d4 cxd4 4. Nxd4 Nc6 5. Nc3 Qc7 6. Be2 a6 7. O-O Nf6 8. Kh1 Be7 9. f4 d6 10. Be3 O-O 11. Nf3 b5 12. Bd3 Bb7 13. a3 e5 14. f5 Rad8 15. Bg5 Nd4 16. Bxf6 Bxf6 17. Nxd4 exd4 18. Nd5 Bxd5 19. exd5 Rfe8 20. Qh5 Qc5 21. Qf3 Re3 22. Qh3 Rxh3 0-1

[Event "Early-Titled-Tuesday-Blitz-December-26-2023"]
[Site "Chess.com"]
[Date "2023.12.26"]
[Round "2"]
[White "newyorkmouse"]
[Black "Zurability"]
[Result "1-0"]
[WhiteElo "2469"]
[BlackElo "2698"]
[TimeControl "180+1"]
[EndTime "8:12:31 PST"]
[Termination "newyorkmouse won by resignation"]

1. Nf3 d5 2. c4 Nf6 3. cxd5 Nxd5 4. e4 Nf6 5. Nc3 c5 6. Bc4 Nc6 7. O-O Bg4 8. Qb3 Bxf3 9. Bxf7+ Kd7 10. Qxb7+ Qc7 11.
Be6+ 1-0

[Event "Early-Titled-Tuesday-Blitz-December-26-2023"]
[Site "Chess.com"]
[Date "2023.12.26"]
[Round "2"]
[White "SHIVACalypso"]
[Black "Yeritsyaan"]
[Result "0-1"]
[WhiteElo "2380"]
[BlackElo "2672"]
[TimeControl "180+1"]
[EndTime "8:13:14 PST"]
[Termination "Yeritsyaan won by resignation"]

1. d4 Nf6 2. Nf3 g6 3. Nc3 d5 4.
h4 h6 5. Bf4 Bg7 6. Qd2 c6 7.
Ne5 Nbd7 8. f3 Nxe5 9. dxe5 Nd7 10. e6 fxe6 11. Qd3 Nf8 12. O-O-O e5 13. Bg3 b5 14. f4 e4 15. Nxe4 Bf5 16. Qc3 Bxc3 0-1

[Event "Early-Titled-Tuesday-Blitz-December-26-2023"]
[Site "Chess.com"]
[Date "2023.12.26"]
[Round "2"]
[White "Durarbayli"]
[Black "Suleyman_Chess06"]
[Result "1-0"]
[WhiteElo "2864"]
[BlackElo "2589"]
[TimeControl "180+1"]
[EndTime "8:13:24 PST"]
[Termination "Durarbayli won by resignation"]

1. e4 e6 2. d4 d5 3. Nc3 Nf6 4. e5 Nfd7 5. f4 c5 6. Nf3 Nc6 7.
Be3 a6 8. Ne2 b5 9. c3 Qb6 10. a3 a5 11. g3 Ba6 12. Bg2 Be7 13. O-O O-O-O 14. b4 axb4 15. axb4 cxb4 16. cxb4 Bxb4 17. Qb3 Kb7 18. Ng5 Rdf8 19. f5 Ndxe5 20. dxe5 Bc5 21. Bxc5 Qxc5+ 22. Kh1 Nxe5 23. fxe6 Nc4 24.
exf7 Qd6 25. Nf4 h6 26. Bxd5+ Kb6 27. Ne4 Qe5 28. Rfb1 g5 29. Rxa6+ 1-0

[Event "Early-Titled-Tuesday-Blitz-December-26-2023"]
[Site "Chess.com"]
[Date "2023.12.26"]
[Round "2"]
[White "ketster"]
[Black "alvarorodriguezavila"]
[Result "1-0"]
[WhiteElo "2541"]
[BlackElo "2286"]
[TimeControl "180+1"]
[EndTime "8:13:33 PST"]
[Termination "ketster won by resignation"]

1. e4 c5 2. a3 g6 3. b4 Bg7 4. Nc3 cxb4 5. axb4 Nc6 6. b5 Nd4 7. Bc4 d6 8. Nge2 Bg4 9. f3 Bd7 10. O-O e6 11. Kh1 Ne7 12. Ba3 Qc7 13. d3 Nxe2 14. Nxe2 Bxa1 15. Qxa1 O-O 16. Qf6 e5 17. Qxe7 Be6 18.
Qxc7 1-0

[Event "Early-Titled-Tuesday-Blitz-December-26-2023"]
[Site "Chess.com"]
[Date "2023.12.26"]
[Round "2"]
[White "Zhigalko_Sergei"]
[Black "HajiyevKanan"]
[Result "1-0"]
[WhiteElo "2882"]
[BlackElo "2601"]
[TimeControl "180+1"]
[EndTime "8:13:42 PST"]
[Termination "Zhigalko_Sergei won by resignation"]

1. e4 c6 2. d4 d5 3. e5 c5 4.
Nf3 Bg4 5. dxc5 e6 6. Be3 Nd7 7. c4 Bxf3 8. gxf3 Nxe5 9. cxd5 Qxd5 10. Qa4+ Nc6 11. Nc3 Qxf3 12. Rg1 O-O-O 13. Bg2 Qf6 14. Bxc6 bxc6 15. Qxc6+ Kb8 16. Rg4 1-0

[Event "Early-Titled-Tuesday-Blitz-December-26-2023"]
[Site "Chess.com"]
[Date "2023.12.26"]
[Round "2"]
[White "Agent-JL"]
[Black "le-castor-faineant"]
[Result "1-0"]
[WhiteElo "2529"]
[BlackElo "2273"]
[TimeControl "180+1"]
[EndTime "8:13:43 PST"]
[Termination "Agent-JL won by resignation"]

1. e4 e5 2. Nf3 Nf6 3. Nc3 Nc6 4.
d3 Bc5 5. Be3 Bxe3 6. fxe3 O-O 7. Be2 d5 8. O-O dxe4 9. dxe4 Qxd1 10. Raxd1 Be6 11. Bb5 Na5 12. Nxe5 c6 13. Be2 Rfe8 14. Bd3 Bxa2 15. Nxa2 Rxe5 16. b4 Nxe4 17. bxa5 Rxa5 18. Bxe4 Rxa2 19. Rd7 1-0

[Event "Early-Titled-Tuesday-Blitz-December-26-2023"]
[Site "Chess.com"]
[Date "2023.12.26"]
[Round "2"]
[White "AsaHoffmann"]
[Black "MrrRefrao"]
[Result "0-1"]
[WhiteElo "2310"]
[BlackElo "2549"]
[TimeControl "180+1"]
[EndTime "8:13:57 PST"]
[Termination "MrrRefrao won by resignation"]

1. d4 Nf6 2. Bg5 g6 3. Nc3 d5 4. f3 Bg7 5. e4 O-O 6. Qd2 c5 7.
e5 cxd4 8. Nce2 Nfd7 9. f4 Nc6 10.
Nf3 Qb6 11. O-O-O f6 12. exf6 Nxf6 13. Nexd4 Ne4 14. Qe3 Nxd4 15. Nxd4 Nxg5 16. fxg5 e5 0-1

[Event "Early-Titled-Tuesday-Blitz-December-26-2023"]
[Site "Chess.com"]
[Date "2023.12.26"]
[Round "2"]
[White "FoxOnTheRun97"]
[Black "Kiborg95"]
[Result "0-1"]
[WhiteElo "2574"]
[BlackElo "2811"]
[TimeControl "180+1"]
[EndTime "8:14:05 PST"]
[Termination "Kiborg95 won by resignation"]

1. d4 d6 2. Nf3 Nf6 3. c4 Nbd7 4. g3 e5 5. dxe5 dxe5 6. Bg2 Bc5 7. O-O O-O 8. Nc3 c6 9. a3 a5 10. Bg5 Qc7 11. Qd2 a4 12. Nh4 g6 13. Kh1 Ng4 14. e4 f6 15. Bh6 Nxh6 16. Qxh6 Rf7 17. f4 Bf8 18. f5 Bxh6 0-1

[Event "Early-Titled-Tuesday-Blitz-December-26-2023"]
[Site "Chess.com"]
[Date "2023.12.26"]
[Round "2"]
[White "combidharma"]
[Black "Russian_berezka"]
[Result "1-0"]
[WhiteElo "2784"]
[BlackElo "2554"]
[TimeControl "180+1"]
[EndTime "8:14:11 PST"]
[Termination "combidharma won by resignation"]

1. e4 g6 2. d4 Bg7 3. Nc3 d5 4. exd5 Nf6 5. Bc4 Nbd7 6. Bg5 Nb6 7. Bxf6 Bxf6 8. Bb3 O-O 9. Nf3 Bg4 10. Qd3 Bxf3 11. gxf3 Qd6 12. O-O-O Qf4+ 13. Kb1 Rad8 14. Qe4 Qd6 15. h4 h6 16. Rdg1 Kh8 17. h5 g5 18.
Nb5 Qd7 19. c4 c6 20. Bc2 1-0

[Event "Early-Titled-Tuesday-Blitz-December-26-2023"]
[Site "Chess.com"]
[Date "2023.12.26"]
[Round "2"]
[White "AlexPapasimakopoulos"]
[Black "PedroGil25"]
[Result "0-1"]
[WhiteElo "2626"]
[BlackElo "2377"]
[TimeControl "180+1"]
[EndTime "8:14:14 PST"]
[Termination "PedroGil25 won by checkmate"]

1. d4 Nf6 2. c4 e6 3. Nc3 Bb4 4. Qc2 c5 5. dxc5 Na6 6. a3 Bxc3+ 7. Qxc3 Nxc5 8. f3 O-O 9. e4 b6 10. b4 Na4 11. Qb3 b5 12. cxb5 Nb6 13. e5 Nfd5 14. f4 f6 15. Nf3 fxe5 16. fxe5 Bb7 17. Be2 Rc8 18. Bd2 Nf4 19. Bxf4 Rxf4 20. O-O Nd5 21.
Rac1 Qb6+ 22. Kh1 Rcf8 23. a4 Rxb4 24. Qc2 Ne3 25. Qd3 Nxf1 26. Ng5 Rf5 27. Qxd7 Bxg2+ 28. Kxg2 Qf2+ 29. Kh3 Qxh2# 0-1

[Event "Early-Titled-Tuesday-Blitz-December-26-2023"]
[Site "Chess.com"]
[Date "2023.12.26"]
[Round "2"]
[White "Matic_Nareks"]
[Black "SamCopeland"]
[Result "0-1"]
[WhiteElo "2479"]
[BlackElo "2294"]
[TimeControl "180+1"]
[EndTime "8:14:27 PST"]
[Termination "SamCopeland won by resignation"]

1. g4 e5 2. Bg2 h5 3. d4 exd4 4. g5 Nc6 5. Nf3 Bc5 6. a3 a5 7. c3 dxc3 8. Nxc3 Nge7 9. O-O d5 10. Bf4 h4 11. h3 Bf5 12. Rc1 Bb6 13. e3 Qd7 14. Kh2 O-O-O 15. Ne5 Nxe5 16. Bxe5 f6 17. gxf6 gxf6 18. Bxf6 Qd6+ 19. Be5 Qxe5+ 20. Kh1 Rhg8 21. Ne2 Rxg2 22. Kxg2 Rg8+ 23. Kh1 Be4+ 24. f3 Qf5 25. Ng1 Bxe3 26. fxe4 Rxg1+ 27. Kh2 Qe5+ 0-1

[Event "Early-Titled-Tuesday-Blitz-December-26-2023"]
[Site "Chess.com"]
[Date "2023.12.26"]
[Round "2"]
[White "MightyGMpretender"]
[Black "giomar27"]
[Result "1-0"]
[WhiteElo "2736"]
[BlackElo "2391"]
[TimeControl "180+1"]
[EndTime "8:14:31 PST"]
[Termination "MightyGMpretender won by resignation"]

1. d4 Nf6 2. c4 c5 3. Nc3 cxd4 4. Qxd4 Nc6 5. Qh4 g6 6. Nf3 Bg7 7. Bh6 O-O 8. O-O-O d6 9. Ng5 Ne5 10. f3 Qc7 11. e3 a6 12. Bxg7 Kxg7 13. Nd5 Qc5 14. b4 Qa7 15. Nxf6 Qxe3+ 16. Kb2 Kxf6 17. Nxh7+ Kg7 18.
Nxf8 Bf5 19. Qh7+ Kf6 20. Qh8+ Kg5 21. h4+ Kf4 22. Qh6+ Kg3 23. Qxe3 Rxf8 24. f4+ 1-0

[Event "Early-Titled-Tuesday-Blitz-December-26-2023"]
[Site "Chess.com"]
[Date "2023.12.26"]
[Round "2"]
[White "Shuvalov"]
[Black "emiliochess"]
[Result "1-0"]
[WhiteElo "2535"]
[BlackElo "2284"]
[TimeControl "180+1"]
[EndTime "8:14:37 PST"]
[Termination "Shuvalov won by resignation"]

1. d4 d5 2. c4 e6 3. Nf3 Nf6 4. Nc3 a6 5. c5 b6 6. cxb6 cxb6 7. Bf4 Bd6 8. Bxd6 Qxd6 9. e3 O-O 10. Bd3 Bb7 11.
O-O Ne4 12. Rc1 f5 13. Ne2 g5 14. Ne5 g4 15. f3 gxf3 16. gxf3 Nf6 17. Kh1 Kh8 18.
Rg1 Nbd7 19. f4 Ne4 20. Bxe4 fxe4 21. Qe1 Nf6 22. Qg3 Qe7 23. f5 exf5 24. Rc7 Rg8 1-0

[Event "Early-Titled-Tuesday-Blitz-December-26-2023"]
[Site "Chess.com"]
[Date "2023.12.26"]
[Round "2"]
[White "SmirnovTimofey2000"]
[Black "Witty_Alien"]
[Result "0-1"]
[WhiteElo "2018"]
[BlackElo "2446"]
[TimeControl "180+1"]
[EndTime "8:14:40 PST"]
[Termination "Witty_Alien won by resignation"]

1. d4 e5 2. dxe5 d6 3. Nf3 Nc6 4. Bg5 Qd7 5. exd6 Bxd6 6. Nc3 Qf5 7. Qd3 h6 8. Bh4 Qa5 9. Bg3 Bf5 10. Qd5 Qb6 11. Qxf5 Qxb2 12. Rd1 Qxc3+ 13. Nd2 Nge7 14. Bxd6 Nxf5 0-1

[Event "Early-Titled-Tuesday-Blitz-December-26-2023"]
[Site "Chess.com"]
[Date "2023.12.26"]
[Round "2"]
[White "Angry_Twin"]
[Black "nekotyanof"]
[Result "1/2-1/2"]
[WhiteElo "2954"]
[BlackElo "2636"]
[TimeControl "180+1"]
[EndTime "8:14:56 PST"]
[Termination "Game drawn by repetition"]

1. e4 c5 2. Nf3 Nc6 3. Bb5 e5 4. O-O Bd6 5. c3 a6 6. Ba4 b5 7. Bb3 c4 8. Bc2 Nf6 9. d4 cxd3 10. Qxd3 Bc7 11. Bg5 h6 12. Bh4 g5 13. Bg3 d6 14.
a4 b4 15. Nbd2 Be6 16. Rfe1 O-O 17. Bb3 Qd7 18. Bxe6 Qxe6 19. Nc4 Rfd8 20. Ne3 bxc3 21. Qxc3 Ba5 22. Qxc6 Rdc8 23. Qb7 Rcb8 24. Qc6 Rc8 25. Qb7 Rcb8 26. Qc6 Rc8 1/2-1/2

[Event "Early-Titled-Tuesday-Blitz-December-26-2023"]
[Site "Chess.com"]
[Date "2023.12.26"]
[Round "2"]
[White "klimkoj"]
[Black "Rap_woyska"]
[Result "1-0"]
[WhiteElo "2816"]
[BlackElo "2404"]
[TimeControl "180+1"]
[EndTime "8:14:57 PST"]
[Termination "klimkoj won by resignation"]

1. Nf3 d5 2. g3 c6 3. Bg2 Bg4 4. O-O Nd7 5. d4 Ngf6 6. c4 e6 7. Qc2 Be7 8. Nbd2 Bf5 9. Qb3 Qb6 10. Nh4 O-O 11. Nxf5 exf5 12. e3 Qxb3 13. Nxb3 a5 14. cxd5 Nxd5 15. Bd2 Bb4 16. Bxd5 cxd5 17. Bxb4 axb4 18.
Rfc1 Rfc8 19. Rxc8+ Rxc8 20. Rc1 Rc4 21. Kf1 Kf8 22. Ke2 Ke7 23. Kd2 Kd6 24. Na5 Rxc1 25. Kxc1 b6 26. Nb3 Kc6 27. Kd2 Kb5 28. Nc1 Nf6 29. Nd3 Ne4+ 30. Kc2 Nd6 31. Kb3 g5 32. Nxb4 g4 33. Nxd5 Ne4 34. Nc3+ 1-0

[Event "Early-Titled-Tuesday-Blitz-December-26-2023"]
[Site "Chess.com"]
[Date "2023.12.26"]
[Round "2"]
[White "chito89"]
[Black "Artyom_ChessMate"]
[Result "1-0"]
[WhiteElo "2837"]
[BlackElo "2496"]
[TimeControl "180+1"]
[EndTime "8:15:01 PST"]
[Termination "chito89 won by resignation"]

1. Nf3 d5 2. e3 Nf6 3. c4 e6 4.
b3 Be7 5. Bb2 c5 6. cxd5 Nxd5 7.
Bxg7 Rg8 8. Bb2 Bf6 9. Qc1 Nc6 10. Nc3 Ndb4 11. Ne4 Be7 12. Nxc5 b6 13. Ne4 Bb7 14. Qb1 Rc8 15. Nc3 a6 16. Qxh7 Kf8 17. Rc1 f5 18.
Bc4 Nd3+ 19. Bxd3 Qxd3 20. Qh6+ Kf7 21. Ne2 Nb4 1-0

[Event "Early-Titled-Tuesday-Blitz-December-26-2023"]
[Site "Chess.com"]
[Date "2023.12.26"]
[Round "2"]
[White "MetiForce"]
[Black "NovakRatko"]
[Result "1-0"]
[WhiteElo "2871"]
[BlackElo "2428"]
[TimeControl "180+1"]
[EndTime "8:15:06 PST"]
[Termination "MetiForce won on time"]

1. b3 d5 2. Bb2 c5 3. f4 Nc6 4.
e3 f6 5. Bb5 Qb6 6. a4 a6 7. Bd3 g6 8. Nc3 Be6 9. f5 Bf7 10. Nh3 O-O-O 11. Nf4 d4 12. a5 Qc7 13. Na4 dxe3 14. dxe3 Nb4 15. O-O g5 16. Nb6+ Kb8 17. Ne6 Bxe6 18. fxe6 Qd6 19. Bc4 Qc7 20. Nd7+ Ka7 21. c3 Nc6 22. Ba3 Nxa5 23. Bxc5+ Qxc5 24. Nxc5 Rxd1 25. Rfxd1 1-0

[Event "Early-Titled-Tuesday-Blitz-December-26-2023"]
[Site "Chess.com"]
[Date "2023.12.26"]
[Round "2"]
[White "Alex_Sahakyan2006"]
[Black "ural58"]
[Result "1-0"]
[WhiteElo "2718"]
[BlackElo "2474"]
[TimeControl "180+1"]
[EndTime "8:15:07 PST"]
[Termination "Alex_Sahakyan2006 won by resignation"]

1. e4 d5 2. exd5 Qxd5 3. Nc3 Qa5 4. d4 Nf6 5. Nf3 Nc6 6. h3 Ne4 7.
Bd3 Nxc3 8. bxc3 Qxc3+ 9. Bd2 Qa3 10. Rb1 e6 11. O-O Be7 12. Qe2 O-O 13. Qe4 f5 14.
Qe2 Bf6 15. c3 a6 16. Bc4 Qd6 17. Rfe1 Nd8 18. Ne5 b5 19. Bb3 Bb7 20. Bf4 Qe7 21. f3 Kh8 22. a4 bxa4 23. Bxa4 Rb8 24. Nd7 Nf7 25. Nxf8 Qxf8 26. Bxc7 Bxf3 27. Rxb8 Qxb8 28. Bxb8 Bxe2 29. Rxe2 1-0

[Event "Early-Titled-Tuesday-Blitz-December-26-2023"]
[Site "Chess.com"]
[Date "2023.12.26"]
[Round "2"]
[White "Vaibhavraut99"]
[Black "ChessBliss09"]
[Result "1-0"]
[WhiteElo "2673"]
[BlackElo "2096"]
[TimeControl "180+1"]
[EndTime "8:15:14 PST"]
[Termination "Vaibhavraut99 won by checkmate"]

1. e4 c6 2. d4 d5 3. Nd2 dxe4 4. Nxe4 Nf6 5. Nxf6+ exf6 6. Nf3 Bd6 7. Bd3 O-O 8.
O-O Re8 9. h3 Nd7 10. c3 Nf8 11. Be3 b5 12. a4 Bd7 13. Nd2 Ng6 14. Ne4 Bf4 15. Qf3 Qc7 16. Nc5 Bxe3 17. fxe3 Be6 18. axb5 cxb5 19. Bxb5 Red8 20. Bd3 Qb6 21. b4 a5 22. bxa5 Rxa5 23. Rxa5 Qxa5 24. Nb7 Qxc3 25. Bxg6 hxg6 26. Nxd8 Qc8 27. Nxe6 Qxe6 28. d5 Qd6 29. e4 Qe5 30. Rc1 Qd4+ 31. Kh1 Qd1+ 32. Rxd1 g5 33. d6 Kh7 34. Qh5+ Kg8 35. d7 g6 36. d8=Q+ Kg7 37. Qdh8# 1-0

[Event "Early-Titled-Tuesday-Blitz-December-26-2023"]
[Site "Chess.com"]
[Date "2023.12.26"]
[Round "2"]
[White "Vincent_Vega95"]
[Black "prime-morty"]
[Result "1-0"]
[WhiteElo "2850"]
[BlackElo "2521"]
[TimeControl "180+1"]
[EndTime "8:15:14 PST"]
[Termination "Vincent_Vega95 won by resignation"]

1. d4 d5 2. c4 e6 3. Nf3 a6 4. b3 Nf6 5. e3 c5 6. Bd3 cxd4 7. exd4 Bb4+ 8. Bd2 Bxd2+ 9. Qxd2 dxc4 10. bxc4 Nc6 11.
Bc2 e5 12. d5 e4 13. Ng5 Ne5 14. Qd4 Nc6 15. Qc5 Qa5+ 16. Qxa5 Nxa5 17. Na3 Bf5 18. f3 Rc8 19. fxe4 Bg6 20. Ba4+ Ke7 21. e5 Ng4 22. d6+ Kd8 23. e6 Rc5 24. e7+ Kc8 25.
d7+ Kc7 26. e8=Q Rxe8+ 27. dxe8=Q Re5+ 28. Qxe5+ Nxe5 29. O-O f6 30. Ne6+ 1-0

[Event "Early-Titled-Tuesday-Blitz-December-26-2023"]
[Site "Chess.com"]
[Date "2023.12.26"]
[Round "2"]
[White "Cheer_Down"]
[Black "threemind"]
[Result "1-0"]
[WhiteElo "2490"]
[BlackElo "2185"]
[TimeControl "180+1"]
[EndTime "8:15:14 PST"]
[Termination "Cheer_Down won by resignation"]

1. d4 Nf6 2. Bf4 d5 3. Nf3 c5 4. e3 Bf5 5. c3 Nc6 6. Nbd2 Qb6 7. Qb3 e6 8. Bb5 c4 9. Qa4 Be7 10. b3 cxb3 11. axb3 O-O 12. O-O Rfc8 13. Rfc1 a6 14. Be2 Bf8 15. h3 h6 16. c4 Qb4 17. c5 Ne4 18. Nxe4 Bxe4 19. Ne5 Qxa4 20. bxa4 f6 21. Nd7 Be7 22. Nb6 1-0